 Dungeon Crawl Stone Soup version 0.19.5 (webtiles) character file.

48 JeffiDaFish the Covered (level 3, -2/23 HPs)
             Began as a Gargoyle Fighter on Sept 11, 2017.
             Killed from afar by Sigmund (9 damage)
             ... with a magic dart
             ... on level 2 of the Dungeon.
             The game lasted 00:03:09 (1070 turns).

JeffiDaFish the Covered (Gargoyle Fighter)          Turns: 1070, Time: 00:03:10

Health: -2/23      AC: 12    Str: 24    XL:     3   Next: 72%
Magic:  3/3        EV:  8    Int:  8    God:
Gold:   32         SH:  9    Dex: 10    Spells: 0 memorised, 2 levels left

rFire  . . .     SeeInvis .     a - +1 flail
rCold  . . .     Gourm    .     b - +0 scale mail
rNeg   + . .     Faith    .     c - +0 shield
rPois  ∞         Spirit   .     (no helmet)
rElec  +         Reflect  .     (no cloak)
rCorr  +         Harm     .     h - +1 pair of gloves
MR     .....                    (no boots)
Stlth  ..........               (no amulet)
                                (no ring)
                                k - ring of resist corrosion

@: mighty
A: negative energy resistance 1, electricity resistance, unbreathing,
petrification resistance, rot immunity, AC +3
a: no special abilities


You were on level 2 of the Dungeon.
You were not hungry.

You visited 1 branch of the dungeon, and saw 2 of its levels.

You collected 32 gold pieces.

Inventory:

Hand Weapons
 a - a +1 flail (weapon)
Armour
 b - a +0 scale mail (worn)
 c - a +0 shield (worn)
 h - a +1 pair of gloves (worn)
Jewellery
 k - a ring of resist corrosion (left hand)
 l - an uncursed amulet of faith {unknown}
Scrolls
 e - a scroll of teleportation
Comestibles
 f - a bread ration
 g - 8 chunks of flesh
 i - a meat ration
 j - a beef jerky


   Skills:
 + Level 3.3 Fighting
 + Level 2.7 Maces & Flails
 + Level 3.7 Armour
 + Level 0.8 Dodging
 + Level 3.7 Shields


You had 2 spell levels left.
You didn't know any spells.

Dungeon Overview and Level Annotations

Branches:
Dungeon (2/15)

Altars:

Annotations:
D:2 Sigmund


Innate Abilities, Weirdness & Mutations

You are resistant to torment.
Your stone body is resilient. (AC +3)
You are immune to poison.
You resist negative energy. (rN+)
You are resistant to electric shocks. (rElec)
You can survive without breathing.
You are immune to petrification.
You are immune to rotting.


Message History

You block something's attack.
You closely miss something. You block the rat's attack. x2
You sock something! Something hits you but does no damage.
The rat barely misses you.
You miss something. Something hits you. The rat barely misses you.
You block the rat's attack.
You closely miss something. You block something's attack.
The rat bites you but does no damage.
Your shield and scale mail prevent you from hitting something.
You hear some strange, mumbled words.
A magic dart appears from out of thin air!
The magic dart hits you! The rat bites you but does no damage.
You miss something. Something hits you. You block the rat's attack.
You miss something. The rat bites you. You block something's attack.
The rat bites you but does no damage.
You closely miss something.
You hear some strange, mumbled words.
A magic dart appears from out of thin air!
The magic dart hits you!
You die...

........ ... .. .....##
.. ... ....# .....#..
.. #.## ....#
.........###.
#..##....#
......#.#.... #.......#
........ ....##.......#
........ #..........#
........#####....r....#
..............#.@{....#
........###.########.##
........ ##.# ......#
#..# ......# #.##
......# ##.#
......###..#
......##..########
......##.#........


You could see a rat.

Vanquished Creatures
  An adder (D:2)
  A dart slug (D:2)
  A leopard gecko (D:1)
  2 giant cockroaches
  3 goblins
  5 hobgoblins
  A quokka (D:2)
  6 bats
  5 frilled lizards
  4 kobolds
  9 rats
38 creatures vanquished.

Notes
Turn   | Place    | Note
-------+----------+-------------------------------------------
     0 | D:1      | JeffiDaFish the Gargoyle Fighter began the quest for the Orb.
     0 | D:1      | Reached XP level 1. HP: 14/14 MP: 1/1
   223 | D:1      | Reached XP level 2. HP: 19/19 MP: 2/2
   798 | D:1      | Reached XP level 3. HP: 22/23 MP: 3/3
  1047 | D:2      | Noticed Sigmund
  1070 | D:2      | Killed from afar by Sigmund

Action                   || total
-------------------------++-------
Melee: Flail             ||   157
  Use: Scroll            ||     5
       Potion            ||     5
  Eat: Chunk             ||     1
Armor: Scale mail        ||   104
Dodge: Dodged            ||    48
Block: Shield            ||    93
